 Dungeon Crawl Stone Soup version 0.29-a0-490-g77b3608bb8 (webtiles) character file.

Game seed: 225157510282336791

58 pokeman the Magician (level 3, -2/20 HPs)
             Began as a Deep Elf Hedge Wizard on May 26, 2022.
             Slain by a gnoll
             ... wielding a +0 spear
              (5 damage)
             ... on level 2 of the Dungeon.
             The game lasted 00:03:18 (2323 turns).

pokeman the Magician (Deep Elf Hedge Wizard)        Turns: 2323, Time: 00:03:18

Health: -2/20      AC:  3    Str:  7    XL:     3   Next: 75%
Magic:  1/11       EV: 12    Int: 20    God:
Gold:   113        SH:  0    Dex: 20    Spells: 1/12 levels left

rFire   . . .      SeeInvis .   m - +1 dagger (venom)
rCold   . . .      Faith    .   (no shield)
rNeg    + . .      Spirit   .   k - +0 leather armour
rPois   .          Reflect  .   c - +0 hat
rElec   .          Harm     .   (no cloak)
rCorr   .          Rampage  .   (no gloves)
Will    .....                   (no boots)
Stlth   ++........              (no amulet)
HPRegen 0.06/turn               e - +6 ring of dexterity
MPRegen 0.12/turn               b - ring of positive energy

@: very slightly contaminated
A: no striking features
a: no special abilities


You were on level 2 of the Dungeon.
You visited 1 branch of the dungeon, and saw 2 of its levels.

You collected 113 gold pieces.

Inventory:

Hand Weapons
 m - a +1 dagger of venom (weapon)
Armour
 c - a +0 hat (worn)
 k - a +0 leather armour (worn)
Jewellery
 b - a ring of positive energy (right hand)
 e - a +6 ring of dexterity (left hand)
Scrolls
 g - a scroll of silence {unknown}
 h - a scroll of fog {unknown}
 j - 2 scrolls of teleportation {unknown}
 l - a scroll of identify {unknown}
 n - a scroll of poison {unknown}
 q - a scroll of enchant weapon {unknown}
Potions
 a - a potion of cancellation {unknown}
 d - a potion of magic
 f - a potion of lignification {unknown}
 i - 2 potions of heal wounds {unknown}
 o - a potion of brilliance {unknown}
 p - a potion of degeneration {unknown}


   Skills:
 + Level 1.0 Fighting
 + Level 1.0 Armour
 - Level 2.4 Dodging
 - Level 2.4 Stealth
 * Level 5.3 Spellcasting
 + Level 2.1 Conjurations
 - Level 1.1 Summonings
 - Level 1.1 Translocations


You had one spell level left.
You knew the following spells:

 Your Spells              Type           Power      Damage    Failure   Level
a - Magic Dart            Conj           52%        1d5       7%          1
b - Mephitic Cloud        Conj/Pois/Air  8%         N/A       36%         3
c - Call Imp              Summ           9%         N/A       16%         2
d - Blink                 Tloc           18%        N/A       16%         2
e - Conjure Flame         Conj/Fire      9%         6-21      32%         3

Your spell library contained the following spells:

 Spells                   Type           Power      Damage    Failure   Level
 Slow                     Hex            20%        N/A       16%         1


Dungeon Overview and Level Annotations

Branches:
Dungeon (2/15)

Altars:
Wu Jian


Message History

Unknown command.
You hit the jackal.
The jackal is poisoned.
The jackal is almost dead.
The jackal bites you but does no damage.
The jackal barks!
You hit the jackal.
You kill the jackal!
The jackal bites you.
Your Armour skill increases to level 1!
You barely miss the jackal. The jackal bites you. The gnoll barely misses you.
The jackal attacks as you move away! The jackal closely misses you.
You closely miss the jackal.
The jackal bites you but does no damage.
The jackal bites you.
The gnoll hits you from afar with a +0 spear.
You closely miss the jackal. The jackal bites you.
The jackal bites you but does no damage.
The gnoll barely misses you.
Your magical contamination has completely faded away.
You hit the jackal.
The jackal is poisoned.
The jackal is almost dead.
The jackal misses you.
The gnoll hits you from afar with a +0 spear.
You kill the jackal!
Casting: Mephitic Cloud (potentially lethal; 36% risk of failure)
Confirm with . or Enter, or press ? or * to list all spells.
The spell is potentially lethal to miscast (36% risk of failure)!
Continue anyway?
Aiming: Mephitic Cloud (potentially lethal; 36% risk of failure)
Press: ? - help, Shift-Dir - straight line, f/p - gnoll
Aim: a gnoll, wielding a +0 spear (lightly wounded, chance to affect: 91%)
You miscast Mephitic Cloud.
You are very lightly contaminated with residual magic.
Nothing appears to happen.
The gnoll hits you from afar with a +0 spear.
* * * LOW HITPOINT WARNING * * *
Casting: Mephitic Cloud (potentially lethal; 36% risk of failure)
Confirm with . or Enter, or press ? or * to list all spells.
A shadowy apparition takes form in the air.
The gnoll hits you from afar with a +0 spear.
You die...

###
##.#####################
....†..........5@.gghgg#
##.###################.#
#.# #†# #.# #g# #.#
#...gh.# #.# #.#
$h.......# #.# #.#
.hg.?g...# #.# #.#
.........# #.# #.#
h.g......# #.#


You could see 4 gnolls, a jackal and a friendly shadow imp (summoned).

Vanquished Creatures
  A worm (D:2)
  A dart slug (D:1)
  5 bats
  An endoplasm (D:1)
  4 giant cockroaches
  3 goblins
  6 hobgoblins (D:1)
  10 jackals
  5 kobolds
  4 ball pythons
  5 rats
45 creatures vanquished.

Notes
Turn   | Place    | Note
-------+----------+-------------------------------------------
     0 | D:1      | pokeman the Deep Elf Hedge Wizard began the quest for the
                  | Orb.
     0 | D:1      | Reached XP level 1. HP: 10/10 MP: 7/7
   267 | D:1      | Reached XP level 2. HP: 15/15 MP: 3/9
   712 | D:1      | Reached skill level 5 in Spellcasting
  1146 | D:1      | Found a faded altar of an unknown god.
  1158 | D:1      | Reached XP level 3. HP: 17/20 MP: 4/11
  1162 | D:1      | Learned a level 3 spell: Mephitic Cloud
  1165 | D:1      | Learned a level 2 spell: Call Imp
  1168 | D:1      | Learned a level 2 spell: Blink
  1172 | D:1      | Learned a level 3 spell: Conjure Flame
  1717 | D:2      | Reached skill level 1 in Fighting
  1879 | D:2      | Found an ornate altar of the Wu Jian Council.
  2312 | D:2      | Reached skill level 1 in Armour
  2323 | D:2      | Slain by a gnoll

Illustrated notes

Levels and vault maps discovered:
D:1:      scummos_arrival_forest, layout_basic,
          hellmonk_ecumenical_altar_zigzags
D:2:      layout_basic, basic_altar

Skill      XL: |  1  2  3 |
---------------+----------+-----
Spellcasting   | 5 |  5.3
Fighting       | 1 |  1.0
Conjurations   | 2 |  2.1
Armour         | 1 |  1.0
Dodging        | |  2.4
Stealth        | |  2.4
Summonings     | |  1.1
Translocations | |  1.1

Action                   || total
-------------------------++-------
Melee: Dagger            ||    16
 Cast: Magic Dart        ||   123
       Call Imp          ||     1
 Stab: Sleeping          ||     1
Armor: Leather armour    ||    11
Dodge: Dodged            ||    32

Table legend: (Time is in decaauts)
 A = Elapsed time spent in this place.
 B = Non-inter-level travel time spent in this place.
 C = Inter-level travel time spent in this place.
 D = Time resting spent in this place.
 E = Time spent auto-exploring this place.
 F = Levels seen in this place.
 G = Mean time per level.
                   A        B        C        D        E       F      G
               +--------+--------+--------+--------+--------+-----+--------+
         Total |   2321 |   2312 |      9 |      3 |   2027 |   2 | 1160.5 |
       Dungeon |   2321 |   2312 |      9 |      3 |   2027 |   2 | 1160.5 |
               +--------+--------+--------+--------+--------+-----+--------+

Top non-repeatable levels by time:
     D:1: 1634 daAuts
     D:2: 686 daAuts
